 Dungeon Crawl Stone Soup version 0.32-a0-699-g1ee5eff69a (webtiles) character file.

Game seed: 3198609189596048731

2478 BeKind the Covered (level 9, -7/120 HPs)
             Began as a Minotaur Fighter on Mar 14, 2024.
             Was a Believer of Trog.
             Mangled by Erica
             ... wielding a +2 scimitar of flaming
              (17 damage)
             ... on level 8 of the Dungeon.
             The game lasted 00:11:17 (7285 turns).

BeKind the Covered (Minotaur Fighter)               Turns: 7285, Time: 00:11:18

Health: -7/120     AC:  9    Str: 25    XL:     9   Next: 27%
Magic:  8/8        EV: -1    Int:  9    God:    Trog [**....]
Gold:   246        SH:  5    Dex:  8    Spells: 8/8 levels left

rFire   . . .        x - +1 demon blade (flame)
rCold   . . .        c - +0 buckler
rNeg    . . .        b - +0 scale mail
rPois   +            (helmet restricted)
rElec   .            G - +0 cloak
rCorr   .            (no gloves)
SInv    +            (no boots)
Will    .....        (no amulet) Stlth
                     C - ring of see invisible
HPRegen 0.40/turn    y - ring of poison resistance
MPRegen 0.11/turn

%: random rage (3%)
@: berserking, lethally poisoned (-7 -> -21), slowed, constricted
A: horns 2, retaliatory headbutt, berserk 1, clever 1, wild magic 1
a: Renounce Religion, Berserk, Trog's Hand


You were on level 8 of the Dungeon.
You worshipped Trog.
Trog was pleased with you.
You visited 1 branch of the dungeon, and saw 8 of its levels.

You collected 517 gold pieces.
You spent 271 gold pieces at shops.

Inventory:

Hand Weapons
 a - a +0 trident
 d - a -3 demon blade
 x - a +1 demon blade of flaming (weapon)
Missiles
 r - a throwing net (quivered)
 s - 46 stones
Armour
 b - a +0 scale mail (worn)
 c - a +0 buckler (worn)
 G - a +0 cloak (worn)
Jewellery
 e - a ring of positive energy
 q - the ring of Wonder {Fire Dex+3}
   (You bought it in a shop on level 3 of the Dungeon)

   [ring of fire]

   Fire:      It enhances your fire magic.
   Dex+3:     It affects your dexterity (+3).
   rF+:       It protects you from fire.
   rC-:       It makes you vulnerable to cold.
 y - a ring of poison resistance (right hand)
 C - a ring of see invisible (left hand)
Wands
 i - a wand of flame (37)
 u - a wand of digging (8)
 v - a wand of warping (8)
Scrolls
 f - 2 scrolls of acquirement
 g - a scroll of blinking
 h - a scroll of enchant weapon
 m - 5 scrolls of teleportation
 n - a scroll of amnesia
 o - a scroll of noise {unknown}
 t - 3 scrolls of enchant armour
 D - a scroll of vulnerability {unknown}
 E - 3 scrolls of identify
 F - a scroll of fear {unknown}
Potions
 j - 7 potions of degeneration
 k - 5 potions of curing {unknown}
 l - 2 potions of invisibility {unknown}
 p - 2 potions of ambrosia
 w - 3 potions of magic
 z - 3 potions of lignification {unknown}
 A - 2 potions of brilliance {unknown}
 B - a potion of heal wounds


   Skills:
 + Level 7.7 Fighting
 - Level 5.2 Long Blades
 - Level 5.2 Polearms
 + Level 4.7 Throwing
 + Level 7.7 Armour
 + Level 7.6 Shields


You had 8 spell levels left.
You didn't know any spells.
Your spell library contained the following spells:

 Spells                   Type           Power      Damage    Failure   Level
 Hailstorm                Conj/Ice       0%         3d5       98%         3
 Summon Ice Beast         Ice/Summ       0%         N/A       98%         3
 Permafrost Eruption      Ice/Erth       0%         2x4d2     100%        6
 Sculpt Simulacrum        Ice/Alch       0%         N/A       100%        6


Dungeon Overview and Level Annotations

Branches:
Dungeon (8/15)             Temple (0/1) D:7
   Lair: D:8-11

Altars:
Sif Muna
Trog

Shops:
D:3 *   D:5 *

Annotations:
D:6 2 transporters
D:8 Erica


Innate Abilities, Weirdness & Mutations

You have a pair of horns on your head.
You reflexively headbutt those who attack you in melee.
You sometimes lose your temper in combat.
Your mind is acute. (Int +4, Str/Dex -1)
Your spells are a little harder to cast, but a little more powerful.


Message History

Erica is lightly wounded.
Erica hits you with a +2 scimitar of flaming.
Erica burns you. Erica constricts you.
You closely miss Erica. Your headbutt misses Erica.
Erica is lightly wounded.
Erica hits you with a +2 scimitar of flaming.
Erica burns you. Erica constricts you.
You closely miss Erica. You headbutt Erica.
Erica is lightly wounded.
Erica hits you with a +2 scimitar of flaming!
Erica burns you. Erica constricts you.
You fail to use your ability.
You block Erica's attack. Erica constricts you.
A red film seems to cover your vision as you go berserk!
You feel yourself moving faster!
You feel mighty!
Erica stares at you and mumbles some strange words.
You feel yourself slow down. Erica constricts you.
Unknown command.
Unknown command.
You barely miss Erica.
Erica is lightly wounded.
Erica hits you but does no damage. Erica constricts you.
Erica blocks your attack.
Erica is lightly wounded.
Erica says, "Fast and perfect.
Such is my way of killing."
Erica casts a spell at you. The bolt of poison hits you.
You are poisoned.
You resist. Erica constricts you.
You closely miss Erica.
Erica is lightly wounded.
You feel very sick.
Erica hits you with a +2 scimitar of flaming!
* * * LOW HITPOINT WARNING * * *
Erica burns you.
* * * LOW HITPOINT WARNING * * *
Erica constricts you.
* * * LOW HITPOINT WARNING * * *
Erica hits you with a +2 scimitar of flaming!
You die...
Erica begins burbling mirthfully and uncontrollably.

. ###############
#.########..............
#...........########.###
#......###..............
..>...x@.............###
...###?###..#####......#
#. #..# #.<..... #. #(.#
#.##.#.# ..
...#####<##.#.# #.
#...........#.. #.
#........##.### ..
...#.##.##.# #. #.##.#


You could see Erica (invisible, reflecting).

Vanquished Creatures
  Grinder (D:5)
  Menkaure (D:7)
  2 water moccasins
  A black bear (D:5)
  2 ice beasts
  An ogre (D:5)
  2 phantoms
  A kobold brigand (D:6)
  A bullfrog (D:8)
  2 scorpions (D:4)
  7 wights
  A howler monkey (D:7)
  2 bombardier beetles
  4 jellies
  2 orc priests (D:8)
  A hound (D:6)
  3 iguanas
  2 sleepcaps (D:4)
  6 orc wizards
  The ghost of pokeman the Magician, a weakling DEHW (D:3)
  4 gnolls (D:3)
  4 adders
  6 ufetubi
  2 ribbon worms
  2 dart slugs
  22 orcs
  8 endoplasms
  5 giant cockroaches
  11 goblins
  12 hobgoblins
  4 jackals (D:1)
  2 quokkas
  7 ball pythons
  9 bats
  2 frilled lizards
  10 kobolds
  2 rats (D:1)
155 creatures vanquished.

Notes
Turn   | Place    | Note
-------+----------+-------------------------------------------
     0 | D:1      | BeKind the Minotaur Fighter began the quest for the Orb.
     0 | D:1      | Reached XP level 1. HP: 19/19 MP: 0/0
   141 | D:1      | Reached XP level 2. HP: 19/27 MP: 1/1
   500 | D:1      | Reached XP level 3. HP: 31/33 MP: 2/2
   855 | D:2      | Found a faded altar of an unknown god.
  1317 | D:2      | Reached XP level 4. HP: 39/40 MP: 3/3
  1838 | D:3      | Found Voankui's Assorted Antiques.
  1855 | D:3      | Bought a vibrating amber ring for 160 gold pieces
  1855 | D:3      | Identified the ring of Wonder {Fire Dex+3} (You bought it
                  | in a shop on level 3 of the Dungeon)
  1947 | D:3      | Found a runed translucent gate.
  1947 | D:3      | Found a runed translucent gate.
  1947 | D:3      | Found a runed translucent gate.
  1948 | D:3      | Noticed pokeman's ghost (weakling DEHW)
  1968 | D:3      | Killed pokeman's ghost
  1969 | D:3      | Reached XP level 5. HP: 47/47 MP: 4/4
  2093 | D:3      | Found a bloodstained altar of Trog.
  2119 | D:3      | Became a worshipper of Trog the Wrathful
  2257 | D:4      | Reached skill level 5 in Armour
  2324 | D:4      | Reached skill level 5 in Shields
  2370 | D:4      | Reached skill level 5 in Fighting
  2370 | D:4      | Reached skill level 1 in Throwing
  2370 | D:4      | Reached XP level 6. HP: 39/56 MP: 5/5
  3016 | D:5      | Entered Level 5 of the Dungeon
  3381 | D:5      | Noticed Grinder
  3459 | D:4      | Reached XP level 7. HP: 28/61 MP: 6/6
  3701 | D:5      | Reached skill level 5 in Polearms
  3884 | D:5      | Found Karetsyi's Lightly-Used Armoury.
  3900 | D:5      | Bought a -3 demon blade for 1 gold piece
  3900 | D:5      | Bought a -1 demon blade for 110 gold pieces
  4020 | D:5      | Killed Grinder
  4340 | D:5      | Reached XP level 8. HP: 59/70 MP: 7/7
  4541 | D:5      | Identified 2 scrolls of acquirement
  5119 | D:5      | Gained mutation: You sometimes lose your temper in combat.
                  | [potion of mutation]
  5119 | D:5      | Gained mutation: Your mind is acute. (Int +4, Str/Dex -1)
                  | [potion of mutation]
  5119 | D:5      | Gained mutation: Your spells are a little harder to cast,
                  | but a little more powerful. [potion of mutation]
  5655 | D:6      | Found a shimmering blue altar of Sif Muna.
  5679 | D:6      | Reached * piety under Trog
  5773 | D:6      | Found a transporter.
  5800 | D:6      | Found a transporter.
  5900 | D:7      | Found a staircase to the Ecumenical Temple.
  6012 | D:7      | Reached skill level 5 in Long Blades
  6376 | D:7      | Noticed Menkaure
  6384 | D:7      | Killed Menkaure
  6384 | D:7      | Reached ** piety under Trog
  6385 | D:7      | Reached XP level 9. HP: 38/79 MP: 8/8
  7270 | D:8      | Noticed Erica
  7285 | D:8      | Mangled by Erica

Illustrated notes

Levels and vault maps discovered:
D:1:      wander_arrival_estate, layout_basic, minmay_cut_off
D:2:      layout_basic, serial_rivers, chequers_serial_rivers_small_b,
          chequers_serial_rivers_micro_a, chequers_serial_rivers_room_b,
          chequers_serial_rivers_room_a, chequers_serial_rivers_micro_b,
          shapermc_ecumenical_altar_mp_urbaneastern
D:3:      layout_basic, trog_hazing_becter, serial_shops,
          nicolae_shop_tiny_statue_garden, ebering_ghost_rock_garden
D:4:      layout_cave_pods
D:5:      layout_rooms, minmay_shop_damaged, uniq_grinder
D:6:      gammafunk_cloud_chamber, layout_gridville,
          mainiacjoe_overflow_concentric_impassable, blue_anna_alchemist
D:7:      layout_gridville, minmay_temple_entry_overgrown, uniq_menkaure
D:8:      layout_loops_ring, nicolae_elyvilon_temple_path, uniq_erica,
          uniq_maggie

Skill      XL: |  1  2  3  4  5  6  7  8 |
---------------+-------------------------+-----
Fighting       | 4 5 6 7 |  7.7
Shields        | 4 5 6 7 |  7.6
Armour         | 4 5 6 7 |  7.7
Polearms       | 3 4 5 |  5.2
Throwing       | 1 3 4 |  4.7
Long Blades    | 2 5 |  5.2

Action                     |  1- 3 |  4- 6 |  7- 9 || total
---------------------------+-------+-------+-------++-------
  Melee: Trident           |   123 |   138 |   162 ||   423
         Headbutt          |    10 |    19 |    37 ||    66
         Demon blade       |       |       |    80 ||    80
 Invoke: Berserk           |       |       |     1 ||     1
    Use: Potion            |       |     1 |     3 ||     4
         Scroll            |       |       |    11 ||    11
 Armour: Scale mail        |    59 |    83 |   166 ||   308
  Dodge: Dodged            |    31 |    45 |    75 ||   151
  Block: Buckler           |    19 |    27 |    37 ||    83

Table legend: (Time is in decaauts)
 A = Elapsed time spent in this place.
 B = Non-inter-level travel time spent in this place.
 C = Inter-level travel time spent in this place.
 D = Time resting spent in this place.
 E = Time spent auto-exploring this place.
 F = Levels seen in this place.
 G = Mean time per level.
                   A        B        C        D        E       F      G
               +--------+--------+--------+--------+--------+-----+--------+
         Total |   7366 |   7063 |    303 |   1138 |   4819 |   8 |  920.8 |
       Dungeon |   7366 |   7063 |    303 |   1138 |   4819 |   8 |  920.8 |
               +--------+--------+--------+--------+--------+-----+--------+

Top non-repeatable levels by time:
     D:4: 1537 daAuts
     D:5: 1316 daAuts
     D:6: 913 daAuts
     D:7: 909 daAuts
     D:2: 850 daAuts
     D:1: 684 daAuts
     D:3: 657 daAuts
     D:8: 497 daAuts
